 Dungeon Crawl Stone Soup version 0.30-a0-42-g806c11bf1d (webtiles) character file.

Game seed: 14697460032789531692

2125 ytrimaz the Changer (level 9, -5/63 HPs)
             Began as an Octopode Transmuter on Aug 30, 2022.
             Was an Initiate of Ashenzari.
             Slain by Joseph
             ... wielding a +0 quarterstaff
              (19 damage)
             ... on level 7 of the Dungeon.
             The game lasted 00:13:42 (8310 turns).

ytrimaz the Changer (Octopode Transmuter)           Turns: 8310, Time: 00:13:43

Health: -5/63      AC:  8    Str:  9    XL:     9   Next: 29%
Magic:  13/19      EV: 10    Int: 20    God:    Ashenzari [......]
Gold:   358        SH:  0    Dex: 12    Spells: 12/21 levels left

rFire   x . .      SeeInvis .      - Unarmed
rCold   + + +      Faith    .    (shield currently unavailable)
rNeg    . . .      Spirit   .    (helmet currently unavailable)
rPois   +          Reflect  .    (no amulet)
rElec   .          Harm     .    (no ring)
rCorr   .          Rampage  .    (no ring)
Will    .....                    (no ring)
Stlth   +.........               (no ring)
HPRegen 0.20/turn                (no ring)
MPRegen 0.16/turn                (no ring)
                                 (no ring)
                                 (no ring)

@: ice-form, wereblooded, attractive, hasted, very quick
A: freezing attack, boosted hp, almost no armour, amphibious, 8 rings, large,
(camouflage 1), (gelatinous body 1), (nimble swimmer 1), (tentacles)
a: End Transformation, Renounce Religion


You were on level 7 of the Dungeon.
You worshipped Ashenzari.
Ashenzari was noncommittal.
You were a creature of crystalline ice.
You visited 2 branches of the dungeon, and saw 8 of its levels.

You collected 358 gold pieces.


Innate Abilities, Weirdness & Mutations

You are a creature of crystalline ice.
You have a powerful freezing melee attack.
Your maximum health is increased.
Your armour is entirely melded.
You are incapable of wielding weapons or throwing items.
You cannot wear most types of armour.
You are amphibious.
You can wear up to eight rings at the same time.
((Your skin changes colour to match your surroundings (Stealth+).))
((Your rubbery body absorbs attacks. (AC +1, EV +1)))
((You are camouflaged when in or above water. (Stealth+)))
((You have tentacles for arms and can constrict up to eight enemies at once.))


   Skills:
 - Level 1.0 Fighting
 - Level 2.0 Dodging
 - Level 4.1 Unarmed Combat
 + Level 6.9 Spellcasting
 + Level 7.5 Transmutations
 - Level 4.0 Ice Magic
 - Level 4.0 Poison Magic


You had 12 spell levels left.
You knew the following spells:

 Your Spells              Type           Power      Damage    Failure   Level
a - Ice Form              Ice/Tmut       29%        N/A       9%          4
b - Wereblood             Tmut           37%        N/A       1%          2
c - Spider Form           Tmut/Pois      29%        N/A       2%          3

Your spell library contained the following spells:

 Spells                   Type           Power      Damage    Failure   Level
 Beastly Appendage        Tmut           74%        N/A       1%          1
 Freeze                   Ice            88%        1d10      1%          1
 Frozen Ramparts          Ice            44%        1d7       5%          3
 Ozocubu's Armour         Ice            22%        N/A       5%          3
 Apportation              Tloc           12%        N/A       10%         1
 Necrotise                Necr           24%        1d5       10%         1
 Summon Small Mammal      Summ           24%        N/A       10%         1
 Sublimation of Blood     Necr           6%         N/A       14%         2
 Petrify                  Tmut/Erth      21%        N/A       21%         4
 Gell's Gravitas          Tloc           6%         N/A       28%         3
 Lesser Beckoning         Tloc           6%         N/A       28%         3
 Teleport Other           Tloc           6%         N/A       28%         3
 Hailstorm                Conj/Ice       14%        3d5       38%         4
 Irradiate                Conj/Tmut      10%        3d15      50%         5
 Metabolic Englaciation   Hex/Ice        7%         N/A       75%         5
 Simulacrum               Ice/Necr       7%         N/A       100%        6

Inventory:

Missiles
 e - 3 poisoned darts {throwing}
 f - 70 stones {throwing}
Wands
 i - a wand of mindburst (2)
   (You found it on level 2 of the Dungeon)
 k - a wand of flame (35)
   (You took it off Sigmund on level 2 of the Dungeon)
 m - a wand of roots (3)
   (You found it on level 4 of the Dungeon)
Scrolls
 d - 2 scrolls of vulnerability {!r!r}
 g - 3 scrolls of fear
 h - 2 scrolls of teleportation {@r4}
 l - a scroll of enchant weapon
 n - 2 scrolls of butterflies
 p - a scroll of blinking {!r}
 r - a scroll of poison {!r}
Potions
 b - 2 potions of brilliance
 c - 3 potions of curing {@q1}
 j - 3 potions of attraction {!q}
 o - a potion of resistance

Dungeon Overview and Level Annotations

Branches:
Dungeon (7/15) Zot: 26903  Temple (1/1) D:6 Zot: 5951

Altars:
Ashenzari
Cheibriados
Dithmenos
Elyvilon
Fedhas
Gozag
Makhleb
Nemelex Xobeh
Okawaru
Qazlal
Ru
Sif Muna
Trog
Uskayaw
Vehumet
Wu Jian
Yredelemnul
Zin
The Shining One

Shops:
D:6 **

Annotations:
D:5 1 runed translucent door, Crazy Yiuf
D:7 Joseph

,,,,**,* *,* *,* #.# ******,***,*
*,* #.# * *,,,,,*,* *,# #.#
****,***.*,* *.# #.# **,,,*
*...############.# #.#
**,*,***.##.............# #.#
**,,,,,,....@...F####.#########.#
**,,*,,*.....###@# #............#
,,,,,,,,.#..,*##Y####.###########
,,,,*,**.....##...###.#
,,,**,**#F@...........# *****,*
###..##...##### *,* #..,*##.##
*,* #$*,* #.# *,* #,*,* #.# *,*
*,*,* #.# *,****,*,**#.#


You could see Joseph and a bullfrog.


Message History

Joseph, a Mercenary comes into view.
He is wielding a +0 quarterstaff.
Joseph shouts!
You hear a loud, deep croak!
Joseph unwields a +0 quarterstaff.
Joseph wields a +1 sling of freezing.
It is covered in frost.
Joseph shoots a sling bullet.
The sling bullet hits you! The sling bullet freezes you.
You hear an angry hiss. 😮 HP[-18]
You take 18 damage, and now have 35/53 hp.
MASSIVE DAMAGE!! (PAUSE)
Casting: Spider Form (dangerous; 2% risk of failure)
Confirm with . or Enter, or press ? or * to list all spells.
You turn into a venomous arachnid creature. 😮 MP[-3]
You lost 3 mp, and now have 16/19 mp.
Unknown command.
A water moccasin comes into view.
The water moccasin hisses angrily.
The water moccasin moves out of view.
You start resting.
A water moccasin is nearby! 😮 HP[+1]
Casting: Spider Form (dangerous; 10% risk of failure)
Confirm with . or Enter, or press ? or * to list all spells.
You don't know that spell.
The bullfrog croaks. 😮 MP[+1]
Casting: Spider Form (dangerous; 10% risk of failure)
Confirm with . or Enter, or press ? or * to list all spells.
You don't know that spell.
The water moccasin closely misses you.
Casting: Spider Form (dangerous; 10% risk of failure)
Confirm with . or Enter, or press ? or * to list all spells.
The spell is quite dangerous to miscast (24% risk of failure)!
Continue anyway?
Your transformation has ended.
You turn into a creature of crystalline ice.
The water moccasin closely misses you. 😮 HP[+7] MP[-4]
You now have 63 max hp (+10).
You regained 7 hp, and now have 43/63 hp.
You lost 4 mp, and now have 13/19 mp.
Unknown command.
You barely miss the water moccasin.
The water moccasin completely misses you.
You punch the water moccasin!
The water moccasin seems to slow down.
You freeze the water moccasin.
The water moccasin bites you but does no damage. 😮 HP[+1]
Casting: Ice Form (dangerous; 10% risk of failure)
Confirm with . or Enter, or press ? or * to list all spells.
Your blood is infused with primal strength.
The water moccasin bites you! 😮 HP[-8] MP[-2]
You take 8 damage, and now have 36/63 hp.
You lost 2 mp, and now have 11/19 mp.
Unknown command.
You closely miss the water moccasin. The water moccasin bites you.
* * * LOW HITPOINT WARNING * * *
😨 HP[-5]
You take 5 damage, and now have 31/63 hp.
You closely miss the water moccasin.
The water moccasin bites you but does no damage. 😨 MP[+1] Unknown command.
You hit the water moccasin.
The water moccasin seems to slow down.
You freeze the water moccasin.
It was a potion of attraction.
You feel attractive to monsters.
The water moccasin bites you but does no damage. 😮 HP[+1] It was a potion of haste.
You feel yourself speed up. The water moccasin barely misses you.
You feel better.
The water moccasin bites you but does no damage. 😮 HP[+5]
You regained 5 hp, and now have 37/63 hp.
You hit the water moccasin.
The water moccasin seems to slow down.
You freeze the water moccasin.
You feel a bit better.
You kill the water moccasin! 😮 HP[+1]
You hit Joseph. You freeze Joseph.
Joseph unwields a +1 sling of freezing.
Joseph wields a +0 quarterstaff.
Joseph hits you with a +0 quarterstaff. 😮 HP[-1]
You take 1 damage, and now have 37/63 hp.
You punch Joseph! You freeze Joseph.
Unknown command.
You hit Joseph. You freeze Joseph. Joseph hits you with a +0 quarterstaff!
* * * LOW HITPOINT WARNING * * *
😨 HP[-12] MP[+1]
You take 12 damage, and now have 25/63 hp.
You punch Joseph! You freeze Joseph. 😨 HP[+1]
You hit Joseph. You freeze Joseph. Joseph hits you with a +0 quarterstaff!
* * * LOW HITPOINT WARNING * * *
😱 HP[-12]
You take 12 damage, and now have 14/63 hp.
Unknown command.
You punch Joseph! You freeze Joseph. You hit Joseph but do no damage.
Joseph hits you with a +0 quarterstaff!!
You die...

Skill      XL: |  1  2  3  4  5  6  7  8  9 |
---------------+----------------------------+-----
Unarmed Combat | 4 |  4.1
Poison Magic   | 1 4 |  4.0
Spellcasting   | 3 4 6 |  6.9
Transmutations | 3 4 6 7 |  7.5
Ice Magic      | 2 4 |  4.0
Fighting       | |  1.0
Dodging        | |  2.0

Action                   |  1- 3 |  4- 6 |  7- 9 || total
-------------------------+-------+-------+-------++-------
Melee: Unarmed           |    72 |   145 |   215 ||   432
       Kick              |    13 |     6 |       ||    19
       Tentacles         |     9 |     6 |     2 ||    17
       Constrict         |    13 |    11 |     3 ||    27
       Punch             |     1 |     2 |     1 ||     4
 Cast: Beastly Appendage |    16 |     7 |     1 ||    24
       Spider Form       |     1 |    20 |    27 ||    48
       Wereblood         |       |     1 |     4 ||     5
       Ice Form          |       |       |     7 ||     7
  Use: Scroll            |     3 |     5 |     5 ||    13
       Potion            |       |     2 |     3 ||     5
 Stab: Sleeping          |     5 |     4 |     1 ||    10
       Distracted        |       |     1 |     1 ||     2
Armor: Skin              |     6 |     6 |    23 ||    35
Dodge: Dodged            |    45 |   100 |   157 ||   302

Levels and vault maps discovered:
D:1:      minmay_arrival_five_plusses, layout_loops_corners, hex_tiny
D:2:      layout_loops_ring, uniq_sigmund, uniq_jessica
D:3:      layout_basic, minmay_misc_feat_alley, minmay_snake_closets
D:4:      gammafunk_cloud_chamber, layout_gridville, kennysheep_nondescript,
          minmay_increasing_density, uniq_menkaure
D:5:      layout_basic, chequers_serial_rivers_micro_e, grunt_ministairs_6,
          uniq_crazy_yiuf_cottage
D:6:      layout_gridville, minmay_temple_entry_enclosed_plants,
          nicolae_specific_store
D:7:      layout_loops_ring, chequers_serial_rivers_micro_d, uniq_joseph
Temple:   hellmonk_temple_divided_pantheon

Notes
Turn   | Place    | Note
-------+----------+-------------------------------------------
     0 | D:1      | ytrimaz the Octopode Transmuter began the quest for the
                  | Orb.
     0 | D:1      | Reached XP level 1. HP: 13/13 MP: 3/3
     0 | D:1      | magus.rc [v1.9.6]
    67 | D:1      | Reached XP level 2. HP: 7/18 MP: 3/5
   590 | D:1      | HP: 4/18 [goblin/+0 dagger (3)]
   837 | D:1      | Reached skill level 4 in Unarmed Combat
   900 | D:1      | Reached XP level 3. HP: 23/23 MP: 4/6
   903 | D:1      | Learned a level 2 spell: Wereblood
   907 | D:1      | Learned a level 3 spell: Spider Form
  1102 | D:1      | You pick up a book of Cantrips and begin reading...
  1102 | D:1      | You add the spells Necrotise, Summon Small Mammal and
                  | Apportation to your library.
  1739 | D:2      | Noticed Jessica
  1748 | D:2      | Killed Jessica
  1749 | D:2      | Reached skill level 1 in Poison Magic
  1749 | D:2      | Reached XP level 4. HP: 24/28 MP: 3/7
  1932 | D:2      | Reached skill level 2 in Poison Magic
  2250 | D:2      | Noticed Sigmund
  2257 | D:2      | Killed Sigmund
  2258 | D:2      | Reached skill level 3 in Spellcasting
  2258 | D:2      | Reached skill level 3 in Transmutations
  2258 | D:2      | Reached skill level 4 in Poison Magic
  2258 | D:2      | Reached XP level 5. HP: 15/33 MP: 4/9
  2258 | D:2      | Reached XP level 6. HP: 18/38 MP: 4/10
  2797 | D:3      | You pick up a book of Frost and begin reading...
  2797 | D:3      | You add the spells Freeze, Frozen Ramparts and Hailstorm to
                  | your library.
  3115 | D:3      | Learned a level 4 spell: Ice Form
  3417 | D:3      | Reached skill level 1 in Ice Magic
  3855 | D:3      | Reached skill level 2 in Ice Magic
  3859 | D:3      | HP: 14/57 [poisoned by an adder]
  3864 | D:3      | HP: 10/57 [poisoned by an adder]
  4585 | D:4      | Reached XP level 7. HP: 43/43 MP: 6/12
  4726 | D:4      | Reached skill level 4 in Transmutations
  4727 | D:4      | Found a transporter.
  4887 | D:4      | Found a transporter.
  4894 | D:4      | Reached skill level 3 in Ice Magic
  4901 | D:4      | Reached skill level 4 in Spellcasting
  4907 | D:4      | You pick up a book of Alchemy and begin reading...
  4907 | D:4      | You add the spells Sublimation of Blood, Petrify and
                  | Irradiate to your library.
  5289 | D:4      | HP: 9/43 [phantom (6)]
  5291 | D:4      | Reached skill level 4 in Ice Magic
  5646 | D:4      | Reached XP level 8. HP: 48/48 MP: 10/14
  5714 | D:4      | Noticed Menkaure
  5725 | D:4      | Killed Menkaure
  5726 | D:4      | Reached skill level 5 in Transmutations
  6118 | D:5      | Entered Level 5 of the Dungeon
  6169 | D:5      | Reached skill level 5 in Spellcasting
  6761 | D:5      | Reached skill level 6 in Transmutations
  6844 | D:5      | Found a runed translucent door.
  6845 | D:5      | Noticed Crazy Yiuf
  6954 | D:5      | You pick up a book of Displacement and begin reading...
  6954 | D:5      | You add the spells Lesser Beckoning, Gell's Gravitas and
                  | Teleport Other to your library.
  7466 | D:6      | Reached skill level 6 in Spellcasting
  7731 | D:6      | Reached XP level 9. HP: 53/53 MP: 14/18
  7913 | D:6      | Reached skill level 7 in Transmutations
  7975 | D:6      | You pick up a book of Winter and begin reading...
  7975 | D:6      | You add the spells Ozocubu's Armour, Metabolic Englaciation
                  | and Simulacrum to your library.
  8001 | D:6      | Found a staircase to the Ecumenical Temple.
  8007 | Temple   | Entered the Ecumenical Temple
  8007 | Temple   | Found a transporter.
  8007 | Temple   | Found a transporter.
  8009 | Temple   | Found a transporter.
  8009 | Temple   | Found a transporter.
  8040 | Temple   | Became a worshipper of Ashenzari the Shackled
  8175 | D:6      | Found Plog's Specific Store.
  8177 | D:6      | Found Xumojil's General Store.
  8284 | D:7      | Noticed Joseph
  8308 | D:7      | HP: 14/63 [Joseph/+0 quarterstaff (12)]
  8310 | D:7      | Slain by Joseph

Vanquished Creatures
  Sigmund (D:2)
  Menkaure (D:4)
  2 water moccasins
  2 ice beasts (D:4)
  A sky beast (D:6)
  A black bear (D:5)
  2 ogres
  A centaur (D:5)
  2 phantoms (D:4)
  2 scorpions (D:5)
  A necrophage (D:5)
  3 wights (D:6)
  A howler monkey (D:6)
  A jelly (D:6)
  A hound (D:4)
  An orc priest (D:3)
  3 iguanas
  Jessica (D:2)
  An orc wizard (D:3)
  18 adders
  2 shadow imps (D:6)
  An ufetubus (D:5)
  A worm (D:4)
  2 dart slugs
  14 orcs
  16 endoplasms
  2 giant cockroaches
  10 goblins
  6 hobgoblins
  6 jackals (D:2)
  11 kobolds
  4 quokkas
  10 ball pythons
  2 bats
  3 frilled lizards
  3 rats
139 creatures vanquished.

Table legend:
 A = Non-vault XP
 B = Vault XP
 C = Vault XP percentage of total XP
 D = Non-vault monster count
 E = Vault monster count
 F = Vault count percentage of total count
                 A         B        C        D         E       F
            +---------+---------+-------+---------+---------+-------
      Total |    2005 |    1032 |  34.0 |     115 |      24 |  17.3
            +---------+---------+-------+---------+---------+-------
        D:1 |      49 |       0 |   0.0 |      27 |       0 |   0.0
        D:2 |      35 |     263 |  88.3 |      20 |       2 |   9.1
        D:3 |     152 |     107 |  41.3 |      23 |      11 |  32.4
        D:4 |     244 |     553 |  69.4 |      21 |       9 |  30.0
        D:5 |     561 |     109 |  16.3 |      10 |       2 |  16.7
        D:6 |     778 |       0 |   0.0 |      12 |       0 |   0.0
        D:7 |     186 |       0 |   0.0 |       2 |       0 |   0.0
            +---------+---------+-------+---------+---------+-------

Illustrated notes

Table legend:
 A = Kills in this place as a percentage of kills in entire the game.
 B = Kills by you in this place as a percentage of kills by you in the entire game.
 C = Kills by friends in this place as a percentage of kills by friends in the entire game.
 D = Other kills in this place as a percentage of other kills in the entire game.
 E = Experience gained in this place as a percentage of experience gained in the entire game.
 F = Experience gained in this place divided by the number of levels of this place that you have seen.
                   A       B       C       D       E      F
               +-------+-------+-------+-------+-------+----------------------
         Total | 100.0 | 100.0 |   N/A |   N/A | 100.0 | 379.6
       Dungeon | 100.0 | 100.0 |   N/A |   N/A | 100.0 | 433.9
               +-------+-------+-------+-------+-------+----------------------

Table legend: (Time is in decaauts)
 A = Elapsed time spent in this place.
 B = Non-inter-level travel time spent in this place.
 C = Inter-level travel time spent in this place.
 D = Time resting spent in this place.
 E = Time spent auto-exploring this place.
 F = Levels seen in this place.
 G = Mean time per level.
                   A        B        C        D        E       F      G
               +--------+--------+--------+--------+--------+-----+--------+
         Total |   8276 |   8090 |    186 |    274 |   6511 |   8 | 1034.5 |
       Dungeon |   8227 |   8047 |    180 |    274 |   6505 |   7 | 1175.3 |
        Temple |     48 |     42 |      6 |      0 |      6 |   1 |   48.0 |
               +--------+--------+--------+--------+--------+-----+--------+

Top non-repeatable levels by time:
     D:3: 1694 daAuts
     D:4: 1667 daAuts
     D:1: 1619 daAuts
     D:5: 1299 daAuts
     D:2: 1113 daAuts
     D:6: 736 daAuts
     D:7: 96 daAuts
  Temple: 48 daAuts
